 Dungeon Crawl Stone Soup version 0.28.0-47-ge53b351184 (webtiles) character file.

Game seed: 11058945543367953934

40 firemarshallily the Caller (level 3, 0/24 HPs)
             Began as a Merfolk Summoner on May 6, 2022.
             Was an Initiate of Ru.
             Slain by an adder (2 damage)
             ... on level 2 of the Dungeon.
             The game lasted 00:06:11 (1951 turns).

firemarshallily the Caller (Merfolk Summoner)       Turns: 1951, Time: 00:06:12

Health: 0/24       AC:  3    Str:  8    XL:     3   Next: 50%
Magic:  4/6        EV: 12    Int: 16    God:    Ru [......]
Gold:   61         SH:  0    Dex: 14    Spells: 1/7 levels left

rFire   . . .      SeeInvis .   h - +0 spear
rCold   . . .      Faith    .   (no shield)
rNeg    . . .      Spirit   .   a - +0 robe
rPois   .          Reflect  .   c - +0 helmet
rElec   .          Harm     .   (no cloak)
rCorr   .          Rampage  .   (no gloves)
Will    .....                   (no boots)
Stlth   ++........              (no amulet)
HPRegen 0.08/turn               (no ring)
MPRegen 0.10/turn               (no ring)

@: lethally poisoned (0 -> -1)
A: (nimble swimmer 2), mertail
a: Renounce Religion, Sacrifice Skill, Sacrifice Durability, Sacrifice an Eye,
Reject Sacrifices


You were on level 2 of the Dungeon.
You worshipped Ru.
Ru was noncommittal.
You visited 1 branch of the dungeon, and saw 2 of its levels.

You collected 61 gold pieces.

Inventory:

Hand Weapons
 h - a +0 spear (weapon)
Missiles
 b - 2 javelins
 e - 22 stones
Armour
 a - a +0 robe (worn)
 c - a +0 helmet (worn)
Scrolls
 d - a scroll of vulnerability {unknown}
 g - a scroll of fog {unknown}
Potions
 f - a potion of invisibility {unknown}
 i - a potion of haste {unknown}


   Skills:
 + Level 0.8 Polearms
 - Level 2.6 Dodging
 - Level 2.1 Stealth
 + Level 2.5 Spellcasting
 * Level 4.7 Summonings


You had one spell level left.
You knew the following spells:

 Your Spells              Type           Power      Damage    Failure   Level
a - Summon Small Mammal   Summ           68%        N/A       2%          1
b - Call Imp              Summ           17%        N/A       4%          2
c - Call Canine Familiar  Summ           17%        N/A       9%          3

Your spell library contained the following spells:

 Spells                   Type           Power      Damage    Failure   Level
 Summon Guardian Golem    Hex/Summ       9%         N/A       22%         3
 Ozocubu's Armour         Ice            2%         N/A       52%         3
 Summon Lightning Spire   Summ/Air       9%         N/A       58%         4
 Metabolic Englaciation   Hex/Ice        1%         N/A       99%         5
 Simulacrum               Ice/Necr       1%         N/A       100%        6


Dungeon Overview and Level Annotations

Branches:
Dungeon (2/15)

Altars:
Ru
Wu Jian


Innate Abilities, Weirdness & Mutations

((You are very nimble when in or above water. (Stealth+, EV+, Speed+++)))
Your lower body shifts to a powerful aquatic tail in water.


Message History

Press: ? - help, Dir - move target, f/p - adder
Aim: an adder (heavily wounded, ally target, about 58% to evade your +0 spear)
You reach to attack!
You miss the adder.
The adder is heavily wounded.
Your quokka misses the adder.
The adder completely misses your quokka.
Your quokka closely misses the adder.
Reach: h) +0 spear
Press: ? - help, Dir - move target, f/p - adder
Aim: an adder (heavily wounded, ally target, about 58% to evade your +0 spear)
You could not reach far enough!
The adder bites your quokka.
Your quokka is poisoned.
The adder poisons your quokka!
Your quokka barely misses the adder.
The adder bites your quokka.
Reach: h) +0 spear
Press: ? - help, Dir - move target, f/p - adder
Aim: an adder (heavily wounded, ally target, about 58% to evade your +0 spear)
You could not reach far enough!
Your quokka dies!
Your quokka's corpse disappears in a puff of smoke!
You barely miss the adder.
The adder is heavily wounded.
The adder misses you.
Your white imp closely misses the adder.
The adder bites you.
* * * LOW HITPOINT WARNING * * *
You are poisoned.
The adder poisons you!
You barely miss the adder.
The adder is heavily wounded.
* * * LOW HITPOINT WARNING * * *
You feel sick. Something bites your white imp.
Your white imp barely misses the adder.
The adder closely misses you.
Unknown command.
You hit the adder.
The adder is heavily wounded.
You feel sick.
Your white imp disappears in a puff of smoke!
The adder bites you.
You die...

. #.#...#.#............# .
#.#)###.......#..#.#.###
.###.#.# #..<....#..#.....#
.......# #.......#..#...#.#
......############..##..#.#
.............. ..........#
.......###############..###
....##.###.#†#rS.#.# #..#
#### #...##.#..#@.# #..#
###†#.#.r###..# #..#
#.##..## #..##..# #.#..##
#..#..# #.†.## ..#..#
#.#..# .#..# #....<..##..#
#..# #.#.##### #..#
#..######## #..#
#..##.....#


You could see an adder and a rat.

Vanquished Creatures
  An endoplasm (D:1)
  A giant cockroach (D:2)
  A hobgoblin (D:1)
  A bat (D:2)
  A frilled lizard (D:1)
  A rat (D:1)
6 creatures vanquished.

Vanquished Creatures (collateral kills)
  An adder (D:2)
  3 endoplasms
  3 goblins (D:1)
  A hobgoblin (D:1)
  2 quokkas
  5 ball pythons (D:1)
  A bat (D:2)
  2 frilled lizards (D:1)
  4 kobolds
  4 rats
26 creatures vanquished.

Grand Total: 32 creatures vanquished

Notes
Turn   | Place    | Note
-------+----------+-------------------------------------------
     0 | D:1      | firemarshallily the Merfolk Summoner began the quest for
                  | the Orb.
     0 | D:1      | Reached XP level 1. HP: 13/13 MP: 3/3
    82 | D:1      | Reached XP level 2. HP: 17/19 MP: 0/5
    85 | D:1      | Learned a level 2 spell: Call Imp
   141 | D:1      | Found a faded altar of an unknown god.
   149 | D:1      | Prayed at the altar of an unknown god.
   149 | D:1      | Became a worshipper of Ru the Awakened
  1731 | D:2      | Found an ornate altar of the Wu Jian Council.
  1742 | D:2      | Reached XP level 3. HP: 24/24 MP: 1/6
  1791 | D:2      | Learned a level 3 spell: Call Canine Familiar
  1951 | D:2      | Slain by an adder

Illustrated notes

Levels and vault maps discovered:
D:1:      dpeg_arrival_shelter, layout_loops_ring,
          nicolae_ecumenical_snake_handling, minmay_crystal_water,
          chequers_serial_rivers_room_b
D:2:      minmay_diamond_boxcup, layout_basic, basic_altar

Action                   || total
-------------------------++-------
Melee: Unarmed           ||    12
       Dagger            ||    18
       Spear             ||    16
 Cast: Summon Small Mamm ||    37
       Call Imp          ||    15
 Stab: Distracted        ||     1
       Sleeping          ||     3
Armor: Robe              ||    10
Dodge: Dodged            ||    42
